 Dungeon Crawl Stone Soup version 0.18-a0-641-g4caf58e (console) character file.

24 rchandra the Charlatan (level 3, -3/32 HPs)
             Began as a Naga Artificer on Dec 4, 2015.
             Slain by an adder (5 damage)
             ... on level 1 of the Dungeon.
             The game lasted 00:01:38 (889 turns).

rchandra the Charlatan (Naga Artificer)              Turns: 889, Time: 00:01:38

Health: -3/32      AC:  2    Str: 13    XL:     3   Next: 2%
Magic:  5/5        EV:  9    Int: 12    God:
Gold:   55         SH:  0    Dex: 12    Spells: 0 memorised, 2 levels left

rFire  . . .     SeeInvis +     h - +0 mace (curse)
rCold  . . .     Clarity  .     b - +0 leather armour
rNeg   . . .     SustAt   .     (no shield)
rPois  +         Gourm    .     (no helmet)
rElec  .         Spirit   .     (no cloak)
rCorr  .         Dismiss  .     (no gloves)
rMut   .         Stasis   .     (no barding)
MR     .....                    (no amulet)
Stlth  ++........               (no ring)
                                (no ring)

@: short of breath, very slow, not resistant to hostile enchantments, unstealthy
A: see invisible, deformed body, poison resistance, slowness 2, slow metabolism
1, spit poison 2, AC +1
a: Spit Poison


You were on level 1 of the Dungeon.
You were not hungry.

You visited 1 branch of the dungeon, and saw 1 of its levels.

You collected 55 gold pieces.

Inventory:

Hand Weapons
 a - a +0 short sword
 h - a cursed +0 mace (weapon)
Armour
 b - a +0 leather armour (worn)
Wands
 c - a wand of flame (15)
 d - a wand of enslavement (15)
 e - a wand of random effects (15)
Scrolls
 g - a scroll of remove curse {unknown}
 i - a scroll of recharging {unknown}
 j - a scroll of noise {unknown}
 l - a scroll of fear {unknown}
Comestibles
 f - a bread ration
 k - 2 chunks of flesh


   Skills:
 + Level 2.1 Fighting
 - Level 1.0 Short Blades
 - Level 1.5 Dodging
 - Level 1.5 Stealth
 + Level 3.5 Evocations


You had 2 spell levels left.
You didn't know any spells.

Dungeon Overview and Level Annotations

Branches:
Dungeon (1/15)

Altars:


Innate Abilities, Weirdness & Mutations

You cannot wear boots.
Your serpentine skin is tough (AC +1).
You have supernaturally acute eyesight.
Armour fits poorly on your strangely shaped body.
Your system is resistant to poisons.
You cover ground very slowly.
You have a slow metabolism.
You can spit poison.


Message History

Use which ability? (? or * to list)
Press: ? - help, Shift-Dir - straight line, f - adder
Aim: an adder (hasn't noticed you)
The splash of poison misses the adder.
You feel slightly more hungry.
You have got your breath back.
Use which ability? (? or * to list)
Press: ? - help, Shift-Dir - straight line, f/p - adder
Aim: an adder (hasn't noticed you)
The splash of poison misses the adder.
You feel slightly more hungry.
You closely miss the adder. The adder bites you.
* * * LOW HITPOINT WARNING * * *
The adder bites you.
* * * LOW HITPOINT WARNING * * *
You take 6 damage, and have 6/26 hp.
MASSIVE DAMAGE!!
You sock the adder!
The adder is almost dead.
The adder barely misses you. x2
You hit the adder.
You kill the adder!
Your Fighting skill increases to level 2!
You have reached level 3!
Your experience leads to an increase in your attributes!
Increase (S)trength, (I)ntelligence, or (D)exterity?
You feel agile.
Your skin feels tougher.
MP restored: 5 You have got your breath back.
An adder is nearby!
Use which ability? (? or * to list)
Press: ? - help, Shift-Dir - straight line, f - adder
Aim: an adder The splash of poison hits the adder.
The adder is poisoned.
The adder is moderately wounded.
You feel slightly more hungry.
You have got your breath back.
The adder looks more healthy.
The adder bites you.
* * * LOW HITPOINT WARNING * * *
You take 2 damage, and have 6/32 hp.
Unknown command.
Use which ability? (? or * to list)
Press: ? - help, Shift-Dir - straight line, f/p - adder
Aim: an adder (heavily wounded)
The splash of poison hits the adder.
The adder is poisoned.
The adder is severely wounded.
You feel slightly more hungry. The adder bites you.
* * * LOW HITPOINT WARNING * * *
You take 4 damage, and have 2/32 hp.
Unknown command.
The adder closely misses you. The adder bites you.
You die...

######### #.......## #........#
#........#
#######........################
..&............SN.............###
.############################.#..
.# #.... .# ##... .# #... .#
######.# .. +....... .# ###.....
?# #.....


You could see an adder.

Vanquished Creatures
  An adder (D:1)
  3 giant geckos (D:1)
  A giant cockroach (D:1)
  2 goblins (D:1)
  A hobgoblin (D:1)
  2 bats (D:1)
  A giant newt (D:1)
  A rat (D:1)
12 creatures vanquished.

Notes
Turn   | Place    | Note
--------------------------------------------------------------
     0 | D:1      | rchandra the Naga Artificer began the quest for the Orb.
     0 | D:1      | Reached XP level 1. HP: 18/18 MP: 3/3
   233 | D:1      | Reached XP level 2. HP: 25/25 MP: 4/4
   874 | D:1      | Reached skill level 2 in Fighting
   874 | D:1      | Reached XP level 3. HP: 7/32 MP: 5/5
   889 | D:1      | Slain by an adder

Vault maps used:
D:1:      saegor_arrival_miasma, grunt_decor_cap, minmay_misc_feat_room

Action                   || total
-------------------------++-------
Melee: Mace              ||    48
       Short sword       ||     2
 Abil: Spit Poison       ||     9
 Stab: Sleeping          ||     1

Vault maps used:
D:1:      saegor_arrival_miasma, grunt_decor_cap, minmay_misc_feat_room
